 Dungeon Crawl Stone Soup version 0.25-a0-597-gb30770a0c0 (webtiles) character file.

Game seed: 10033790171352070504, levelgen mode: deterministic

426339 Kohma the Warrior (level 23, -10/155 HPs)
             Began as a Gargoyle Earth Elementalist on Mar 14, 2020.
             Was the Champion of Ashenzari.
             Killed from afar by 0ctopusDreams's ghost (32 damage)
             ... with a stone arrow
             ... on level 2 of the Vaults on Mar 15, 2020.
             The game lasted 04:27:32 (59436 turns).

Kohma the Warrior (Gargoyle Earth Elementalist)    Turns: 59436, Time: 04:27:33

Health: -10/155    AC: 46    Str: 15    XL:     23   Next: 82%
Magic:  42/42      EV: 26    Int: 26    God:    Ashenzari [******]
Gold:   516        SH: 15    Dex: 18    Spells: 3/52 levels left

rFire    + + +     SeeInvis +   a - +10 double sword of Quantum Leap {freeze, rElec Dex+4} (curse)
rCold    + + .     Gourm    .   W - +1 buckler {rC+ rF+} (curse)
rNeg     + + .     Faith    .   x - +7 fire dragon scales (curse)
rPois    ∞         Spirit   .   L - -2 hat of the Alchemist {rElec rPois rF+ rC+ rN+ MR+ rMut rCorr} (curse)
rElec    +         Reflect  +   F - scarf {rC+ rF+} (curse)
rCorr    +         Harm     .   G - +3 pair of gauntlets of War {Slay+5} (curse)
rMut     +         Clarity  +   S - +2 pair of boots {run} (curse)
MR       ++...                  P - +6 amulet of reflection (curse)
Stlth    ++++......             c - +6 ring of evasion (curse)
HPRegen  0.35/turn              o - ring of Oradgherph {rElec rF+ Int+3 Dex+4} (curse)
MPRegen  0.28/turn

@: quick
A: big wings, negative energy resistance 1, electricity resistance, unbreathing,
petrification resistance, rot immunity, AC +17
}: 2/15 runes: serpentine, barnacled
a: Fly, Curse Item, Scrying, Transfer Knowledge, Renounce Religion


You were on level 2 of the Vaults.
You worshipped Ashenzari.
Ashenzari was exalted by your worship.
You were not hungry.

You visited 9 branches of the dungeon, and saw 40 of its levels.
You visited the Abyss 2 times.
You visited 2 bazaars.
You also visited: Trove, Sewer, Bailey, Gauntlet and Volcano.

You collected 5183 gold pieces.
You spent 4667 gold pieces at shops.

Inventory:

Hand Weapons
 a - the cursed +10 double sword of Quantum Leap (weapon) {freeze, rElec Dex+4}
   (You bought it in a shop on level 10 of the Dungeon)

   It has been specially enchanted to freeze those struck by it, causing extra
   injury to most foes and up to half again as much damage against particularly
   susceptible opponents.
   It can also slow down cold-blooded creatures.
   It affects your dexterity (+4).
   It insulates you from electricity.
   It has a curse placed upon it.
 n - the +7 falchion of Pestilence {speed, +Blink rN+ MR++}
   (You found it in a treasure trove)

   Attacks with this weapon are significantly faster.
   It protects you from negative energy.
   It affects your resistance to hostile enchantments.
   It lets you blink.
 t - a +5 sacred scourge of holy wrath
Missiles
 m - 2 throwing nets (quivered)
 I - 67 stones
Armour
 x - cursed +7 fire dragon scales (worn)
 F - a cursed scarf of resistance (worn)
 G - the cursed +3 pair of gauntlets of War (worn) {Slay+5}
   (You bought it in a shop on level 2 of the Orcish Mines)

   It affects your accuracy and damage with ranged weapons and melee attacks
   (+5).
   It has a curse placed upon it.
 L - the cursed -2 hat of the Alchemist (worn) {rElec rPois rF+ rC+ rN+ MR+ rMut rCorr}
   (You found it on level 2 of the Elven Halls)

   It protects you from fire.
   It protects you from cold.
   It insulates you from electricity.
   It protects you from poison.
   It protects you from negative energy.
   It affects your resistance to hostile enchantments.
   It provides partial protection from all sources of acid and corrosion.
   It protects you from mutation.
   It has a curse placed upon it.
 S - a cursed +2 pair of boots of running (worn)
 W - a cursed +1 buckler of resistance (worn)
Jewellery
 c - a cursed +6 ring of evasion (left hand)
 o - the cursed ring of Oradgherph (right hand) {rElec rF+ Int+3 Dex+4}
   (You found it on level 4 of the Lair of Beasts)

   [ring of intelligence]

   It affects your intelligence (+3).
   It affects your dexterity (+4).
   It protects you from fire.
   It insulates you from electricity.
   It has a curse placed upon it.
 r - the cursed ring of Dishonour {+Blink rC+ MR+ Str-2 Stlth+}
   (You took it off a merfolk impaler on level 4 of the Shoals)

   [ring of strength]

   It affects your strength (-2).
   It protects you from cold.
   It affects your resistance to hostile enchantments.
   It lets you blink.
   It makes you more stealthy.
   It has a curse placed upon it.
 P - a cursed +6 amulet of reflection (around neck)
Wands
 h - a wand of clouds (6)
 u - a wand of digging (19)
 y - a wand of paralysis (14)
 A - a wand of iceblast (10)
 X - a wand of acid (12)
 Y - a wand of enslavement (10)
Scrolls
 e - 9 scrolls of immolation
 f - 13 scrolls of teleportation
 j - 9 scrolls of remove curse
 l - a scroll of summoning
 s - a scroll of silence
 C - 18 scrolls of identify
 K - 6 scrolls of fear
 M - 5 scrolls of magic mapping
 N - 8 scrolls of fog
 O - 8 scrolls of vulnerability
Potions
 g - 2 potions of resistance
 i - 3 potions of magic
 p - 15 potions of curing
 q - 4 potions of invisibility
 v - 7 potions of haste
 w - 7 potions of might
 z - 3 potions of brilliance
 D - 3 potions of berserk rage
 J - 7 potions of mutation
 U - 4 potions of cancellation
Miscellaneous
 b - a fan of gales
 k - 3 sacks of spiders
 H - a lightning rod (4/4)
 R - a box of beasts
 V - a phial of floods
 Z - a tin of tremorstones
Comestibles
 d - 57 rations
 E - 2 chunks of flesh


   Skills:
 + Level 19.1 Fighting
 - Level 13.6(17.7) Long Blades
 + Level 16.2(20.1) Armour
 + Level 11.3(15.5) Dodging
 + Level 14.1 Stealth
 - Level 12.3(15.0) Shields
 - Level 15.0 Spellcasting
 - Level 3.1(7.0) Conjurations
 - Level 3.8(8.0) Hexes
 - Level 0.8(3.1) Charms
 - Level 5.5(10.0) Summonings
 - Level 1.8(5.0) Necromancy
 - Level 1.8(5.0) Transmutations
 - Level 1.4(4.3) Fire Magic
 - Level 3.9(8.1) Air Magic
 - Level 10.3(14.5) Earth Magic
 - Level 5.5(10.0) Poison Magic
 - Level 5.5(10.0) Evocations


You had 3 spell levels left.
You knew the following spells:

 Your Spells              Type           Power        Failure   Level  Hunger
a - Sandblast             Erth           ######       1%          1    None
b - Passwall              Tmut/Erth      ######..     1%          2    None
c - Stone Arrow           Conj/Erth      ######       1%          3    None
d - Lee's Rapid Deconstr  Erth           #######...   1%          5    #......
e - Petrify               Tmut/Erth      ######..     1%          4    None
f - Mephitic Cloud        Conj/Pois/Air  ######..     1%          3    None
g - Olgreb's Toxic Radia  Pois           ######..     1%          4    None
h - Ignite Poison         Fire/Tmut/Pois ######..     1%          3    None
i - Summon Lightning Spi  Summ/Air       ######..     1%          4    None
j - Airstrike             Air            ######....   2%          4    None
k - Song of Slaying       Chrm           #####...     3%          2    None
l - Invisibility          Hex            ######..     38%         6    ####...
m - Cause Fear            Hex            ######....   2%          4    None
n - Animate Dead          Necr           N/A          9%          4    None

Your spell library contained the following spells:

 Spells                   Type           Power        Failure   Level  Hunger
 Animate Skeleton         Necr           N/A          1%          1    None
 Corona                   Hex            ######.      1%          1    None
 Foxfire                  Conj/Fire      ####         1%          1    None
 Infusion                 Chrm           ####         1%          1    None
 Pain                     Necr           ####         1%          1    None
 Shock                    Conj/Air       ####         1%          1    None
 Sting                    Tmut/Pois      ####         1%          1    None
 Summon Small Mammal      Summ           ####         1%          1    None
 Call Imp                 Summ           ######..     1%          2    None
 Ensorcelled Hibernation  Hex/Ice        #####.       1%          2    None
 Poisonous Vapours        Pois/Air       ######       1%          2    None
 Slow                     Hex            ######..     1%          2    None
 Swiftness                Chrm/Air       #####...     1%          2    None
 Call Canine Familiar     Summ           ######..     1%          3    None
 Confusing Touch          Hex            ######..     1%          3    None
 Dazzling Flash           Conj/Hex       ######       1%          3    None
 Inner Flame              Hex/Fire       ######..     1%          3    None
 Static Discharge         Conj/Air       ######..     1%          3    None
 Summon Guardian Golem    Hex/Summ       ######..     1%          3    None
 Tukima's Dance           Hex            ######..     1%          3    None
 Conjure Flame            Conj/Fire      #####...     2%          3    None
 Spectral Weapon          Hex/Chrm       #####...     2%          3    None
 Vampiric Draining        Necr           #####.....   2%          3    None
 Portal Projectile        Hex/Tloc       #####.       3%          3    None
 Shroud of Golubria       Chrm/Tloc      ####..       4%          2    None
 Ozocubu's Armour         Chrm/Ice       ####....     10%         3    None
 Leda's Liquefaction      Hex/Erth       ######....   1%          4    None
 Sticky Flame             Conj/Fire      #####...     7%          4    None
 Summon Ice Beast         Ice/Summ       #####...     8%          4    None
 Silence                  Hex/Air        ######....   8%          5    #......
 Lightning Bolt           Conj/Air       ######....   9%          5    #......
 Yara's Violent Unravell  Hex/Tmut       ######....   14%         5    #......
 Fireball                 Conj/Fire      #####.....   21%         5    #......
 Agony                    Necr           #####...     26%         5    #......
 Darkness                 Hex            ######....   38%         6    ####...
 Passage of Golubria      Tloc           N/A          47%         4    None
 Deflect Missiles         Chrm/Air       #####.....   73%         6    ####...
 Discord                  Hex            ######....   100%        8    #######
 Statue Form              Tmut/Erth      Unusable     N/A         6    N/A

Dungeon Overview and Level Annotations

Branches:
Dungeon (15/15)            Temple (1/1) D:5            Lair (6/6) D:8
 Shoals (4/4) Lair:3        Snake (4/4) Lair:4        Slime (0/5) Lair:6
    Orc (2/2) D:12            Elf (3/3) Orc:2        Vaults (2/5) D:14
  Crypt (0/3) Vaults:2     Depths (3/5) D:15          Sewer (visited)
 Bailey (visited)         Volcano (visited)         Gauntlet (visited)

Altars:
Ashenzari
Cheibriados
Dithmenos
Elyvilon
Fedhas
Gozag
Hepliaklqana
Kikubaaqudgha
Makhleb
Nemelex Xobeh
Okawaru
Qazlal
Ru
Sif Muna
Trog
Uskayaw
Vehumet
Wu Jian
Xom
Yredelemnul
Zin
The Shining One

Shops:
D:6 =   D:8 %*[[?   D:10 (   D:12 (   D:15 [   Orc:1 }   Orc:2 [?[=
Snake:1 %==}   Depths:2 *

Portals:
Hell: Depths:1 Depths:2 Depths:3
Pandemonium: Depths:3

Annotations:
D:11 3 runed translucent doors, exclusion: 3 doors, wub's ghost, journeyman HOFi
Lair:2 3 runed translucent doors, exclusion: 3 doors, Biesutadghu's ghost, journeyman GrWz
Shoals:3 3 exclusions, Mara
Vaults:2 0ctopusDreams's ghost, veteran OpEE; Guthir's ghost, veteran GnFi


Innate Abilities, Weirdness & Mutations

You are resistant to torment.
Your stone body is resilient. (AC +17)
You are immune to poison.
Your large and strong wings let you fly indefinitely.
You resist negative energy. (rN+)
You are resistant to electric shocks. (rElec)
You can survive without breathing.
You are immune to petrification.
You are immune to rotting.


Message History

Your lightning spire shoots out a bolt of lightning at Guthir's ghost!
The bolt of electricity misses 0ctopusDreams's ghost.
The bolt of electricity hits Guthir's ghost but does no damage.
A vault warden opens the large door.
The vault guard completely misses you. 0ctopusDreams's ghost stares at you and mumbles some strange words.
Pain shoots through your body!
* * * LOW HITPOINT WARNING * * *
Okay, then.
Press: ? - help, v - describe, . - travel
Here: 0ctopusDreams's ghost (almost destroyed)
The floor.
Evoke which item? (* to show all) (? for menu, Esc to quit)
You reach into the bag... ...but nothing happens.
Your lightning spire shoots out a bolt of lightning at Guthir's ghost!
The bolt of electricity hits Guthir's ghost!
The bolt of electricity hits Guthir's ghost but does no damage. 0ctopusDreams's ghost stares at you. 0ctopusDreams's ghost stares at you and mumbles some strange words.
The stone arrow hits you!!
You die...

*{ , , ,, ,,, ,, *, ##### {∆,
,,,* * #...# , ,, ,,* * , ,
#...# * , ,, * #...# ,, ,,,,* ,
* #####...#########+####** * ,
#....###....#.p.....)# **
#....# #....#..@.....####### **
#)...###....+WW####..#.....#, ,
#####...#####8.p./#..#.....#,,,
#...# #..'..#..+.....#,,,,
#...# #..####..#.....# ∩, #...#
#........#.....# , #####
#........#.....+, ,
##########.....# ** #.....#


You could see a vault warden, a vault guard, 0ctopusDreams's ghost, Guthir's
ghost and a friendly lightning spire.

Vanquished Creatures
  Mennas (Depths:3)
  Margery (Depths:3)
  Saint Roka (Depths:3)
  4 caustic shrikes
  The ghost of Etwoiz the Eclecticist, a veteran GnWz of Ashenzari (Depths:2)
  A golden dragon (Depths:2)
  A bone dragon (Abyss:3)
  A Tzitzimitl (Depths:2)
  the Enchantress (Depths:3)
  Jorgrun (Elf:2)
  2 deep elf master archers (Elf:3)
  Asterion (Vaults:2)
  3 deep elf blademasters
  Agnes (D:14)
  Gastronok (Lair:1)
  2 shadow dragons (Depths:2)
  A tengu reaver (Vaults:2)
  Roxanne (Snake:2)
  6 nagarajas
  An orc warlord (Orc:2)
  3 vault wardens (Vaults:1)
  3 deep elf sorcerers (Elf:3)
  A frost giant (Depths:2)
  A draconian knight (Vaults:2)
  Aizul (Elf:1)
  A ghoul (Vaults:2)
  An emperor scorpion (Depths:3)
  2 deep elf elementalists (Elf:3)
  5 caustic shrike skeletons (Depths:3)
  6 very ugly things
  5 spriggan defenders (Depths:3)
  7 deep elf demonologists (Elf:3)
  4 ironheart preservers (Vaults:1)
  Nessos (Lair:5)
  11 stone giants
  5 vampire knights
  3 spark wasps (Depths:2)
  2 deep elf annihilators (Elf:3)
  A dire elephant (Depths:3)
  A minotaur (Gauntlet)
  7 deep elf death magi
  6 merfolk javelineers
  4 merfolk impalers
  5 ettins
  4 fire dragons
  14 slime creatures
  3 ogre magi
  4 deep elf high priests (Elf:3)
  3 great orbs of eyes
  3 ice dragons
  4 rakshasas
  4 yaktaur captains
  7 hydras
  Erolcha (D:10)
  4 vault guards
  4 anacondas
  4 spriggan air magi (Depths:3)
  2 catoblepae
  4 centaur warriors
  4 merfolk aquamancers
  The ghost of Eguyt the Grappler, a journeyman VSTm of Kikubaaqudgha (Lair:4)
  15 naga warriors
  6 merfolk avatars
  An alligator snapping turtle (Shoals:3)
  10 two-headed ogres
  7 deep troll shamans
  2 satyrs (Shoals:4)
  A two-headed ogre (shapeshifter) (D:15)
  2 vampire magi
  4 deep troll earth magi
  30 dancing weapons
  4 orc high priests
  3 death yaks (Lair:6)
  Urug (Lair:4)
  A tengu warrior (Depths:3)
  5 spriggan berserkers (Depths:3)
  6 naga sharpshooters
  6 shock serpents
  14 deep elf knights
  3 shadow wraiths
  2 sixfirhies
  2 wretched stars
  A salamander mystic (Snake:4)
  3 iron trolls
  7 skeletal warriors
  12 sea snakes
  3 hell knights (Depths:3)
  20 deep trolls
  4 wizards
  3 shadow demons (Depths:2)
  7 spriggan druids (Depths:3)
  2 obsidian statues
  7 deep elf archers
  4 glowing orange brains
  A phantasmal warrior (D:12)
  3 naga ritualists
  6 necromancers
  A swamp dragon (shapeshifter) (Depths:2)
  18 harpies
  4 ironbrand convokers (Vaults:1)
  2 unseen horrors
  Pikel (D:6)
  3 lindwurms
  2 wolf spiders
  3 orc knights (Orc:2)
  57 deep elf magi
  10 salamanders
  19 ugly things
  4 cyclopes
  4 orc sorcerers (Orc:2)
  A worldbinder (Abyss:2)
  9 manticores
  5 mana vipers
  11 fauns
  10 elephants
  A toenail golem (Volcano)
  4 guardian serpents
  10 merfolk sirens
  A moth of wrath (shapeshifter) (D:15)
  5 vault sentinels
  An orange demon (Abyss:2)
  5 water nymphs
  20 black mambas
  17 naga magi
  A black mamba (shapeshifter) (Depths:2)
  A molten gargoyle (Volcano)
  8 spiny frogs
  2 centaur skeletons
  3 kobold demonologists (D:14)
  8 komodo dragons
  A freezing wraith (D:12)
  4 tengu conjurers
  3 efreet
  A rime drake (Lair:4)
  6 yaktaurs
  A jumping spider (shapeshifter) (Vaults:1)
  9 trolls
  18 merfolk
  16 hornets
  3 wind drakes (Shoals:3)
  Grinder (D:6)
  10 snapping turtles
  2 dream sheep
  15 hippogriffs
  A dream sheep (shapeshifter) (Depths:2)
  4 starcursed masses (Abyss:3)
  35 spriggans (Depths:3)
  33 water elementals
  A large abomination (Abyss:2)
  4 air elementals
  4 vampires
  7 shadows (Depths:2)
  A ynoxinul (Abyss:2)
  52 yaks
  4 wraiths
  A hog (shapeshifter) (Depths:1)
  4 basilisks
  Eustachio (D:5)
  8 fire elementals
  15 humans (D:14)
  3 wyverns
  A hungry ghost (D:12)
  3 vampire mosquitoes (D:13)
  Edmund (D:4)
  A soldier ant (shapeshifter) (Elf:1)
  2 wargs
  36 nagas
  An acid dragon (Vaults:2)
  10 water moccasins
  13 porcupines
  A necrophage (D:10)
  25 orc warriors
  A sky beast (D:14)
  2 ice beasts
  A black bear (Lair:6)
  2 hornet zombies
  3 phantoms
  A black bear (shapeshifter) (Vaults:1)
  5 wolves
  11 boggarts
  11 ogres
  13 crocodiles
  4 small abominations
  2 centaurs
  6 big kobolds
  22 bullfrogs
  A gnoll sergeant (D:9)
  A wyvern zombie (D:13)
  8 earth elementals
  A glowing shapeshifter simulacrum (Vaults:2)
  2 wyvern skeletons
  9 killer bees
  4 scorpions
  2 howler monkeys
  9 wights
  An electric eel (Lair:3)
  6 crimson imps
  A quasit (Abyss:2)
  7 hounds
  7 jellies
  20 orc wizards
  24 orc priests
  5 bullfrog skeletons
  5 iguanas
  A hell rat (Lair:5)
  10 worker ants
  2 hound skeletons
  A hound zombie (D:9)
  3 worker ant zombies
  15 adders
  4 gnolls (D:9)
  A howler monkey skeleton (D:9)
  14 river rats
  A shadow imp (D:9)
  3 white imps
  5 oozes (D:9)
  2 adder skeletons
  An adder zombie (D:8)
  3 worms (D:2)
  2 dart slugs (D:1)
  14 leopard geckos
  62 orcs
  6 ball pythons (Sewer)
  8 giant cockroaches
  9 goblins
  8 hobgoblins
  4 jackals
  4 quokkas
  6 bats
  7 frilled lizards
  58 kobolds
  3 leopard gecko zombies
  2 quokka zombies (D:7)
  19 rats
  3 bushes (Depths:3)
  3 crawling corpses (Elf:3)
  3 fire vortices (Volcano)
  5 plants
  A withered plant (D:15)
1499 creatures vanquished.

Vanquished Creatures (collateral kills)
  A sphinx (Depths:2)
  A deep elf sorcerer (Elf:3)
  A caustic shrike skeleton (Depths:3)
  An ironheart preserver (Vaults:1)
  A stone giant (Depths:2)
  2 vampire knights (Depths:2)
  3 deep elf annihilators (Elf:3)
  2 deep elf death magi (Elf:3)
  A merfolk javelineer (Shoals:4)
  2 merfolk impalers
  A fire dragon (Depths:1)
  A great orb of eyes (Depths:2)
  An anaconda (Snake:4)
  2 rakshasas (Depths:2)
  A hydra (Lair:5)
  3 centaur warriors
  A two-headed ogre (D:15)
  3 naga warriors
  A merfolk avatar (Shoals:2)
  2 death knights
  3 merfolk aquamancers
  A tengu warrior (D:14)
  2 death yaks (Lair:6)
  3 naga sharpshooters (Snake:4)
  A vampire mage (Vaults:2)
  A deep elf knight (Elf:1)
  A fire crab (shapeshifter) (D:15)
  2 skeletal warriors (D:15)
  A sea snake (Snake:4)
  3 deep trolls
  An unseen horror (shapeshifter) (D:15)
  A wizard (Vaults:1)
  2 naga ritualists (Snake:4)
  2 orc knights
  A harpy (D:15)
  2 mana vipers
  A manticore (Shoals:2)
  2 fauns (Shoals:4)
  An orc sorcerer (Vaults:1)
  An ugly thing (Depths:1)
  2 salamanders
  2 deep elf magi
  2 elephants (Lair:6)
  A merfolk siren (Shoals:3)
  6 naga magi
  A black mamba (Snake:4)
  A water nymph (Shoals:4)
  A spiny frog (Lair:6)
  2 yaktaurs
  A tengu conjurer (Depths:1)
  A troll (shapeshifter) (D:15)
  5 merfolk
  2 trolls
  A polar bear (Lair:6)
  2 wind drakes
  2 hornets (Depths:3)
  2 slime creatures
  4 dream sheep (Lair:6)
  2 shadows (Depths:2)
  6 spriggans (Depths:3)
  A water elemental (Elf:1)
  A wraith (Vaults:2)
  5 yaks
  A human (D:14)
  An acid dragon (D:15)
  15 nagas
  A water moccasin (Lair:5)
  2 orc warriors
  A black bear (Lair:6)
  2 ogres
  6 boggarts
  3 centaurs
  5 wights
  An orc priest (Orc:2)
  A hell rat (Lair:5)
  6 river rats (Lair:5)
  3 ufetubi (Gauntlet)
  4 orcs
  A kobold (D:12)
  A crawling corpse (Elf:3)
  2 plants (Shoals:4)
172 creatures vanquished.

Vanquished Creatures (others)
  A satyr (Shoals:2)
  A naga sharpshooter (Snake:4)
  A naga ritualist (Snake:2)
  A deep elf mage (Elf:3)
  A necromancer (Depths:3)
  A deep elf archer (Elf:2)
  A wizard (D:4)
  A cyclops (Depths:3)
  4 fauns
  A merfolk siren (Shoals:4)
  2 yaktaurs
  A water elemental (Shoals:1)
  3 centaurs
  An orc (Orc:1)
  A crawling corpse (Elf:3)
  10 fungi
  49 plants
80 creatures vanquished.

Grand Total: 1751 creatures vanquished

Notes
Turn   | Place    | Note
-------+----------+-------------------------------------------
     0 | D:1      | Kohma the Gargoyle Earth Elementalist began the quest for
                  | the Orb.
     0 | D:1      | Reached XP level 1. HP: 10/10 MP: 3/3
    62 | D:1      | Reached XP level 2. HP: 4/15 MP: 1/5
  1091 | D:1      | Reached XP level 3. HP: 18/19 MP: 6/6
  1619 | D:2      | Reached skill level 5 in Earth Magic
  1825 | D:2      | Reached XP level 4. HP: 21/24 MP: 8/8
  1905 | D:2      | Learned a level 2 spell: Passwall
  1909 | D:2      | Learned a level 3 spell: Stone Arrow
  1933 | D:2      | Found a shattered altar of Ashenzari.
  1944 | D:2      | Became a worshipper of Ashenzari the Shackled
  2665 | D:3      | Reached XP level 5. HP: 28/28 MP: 4/9
  2960 | D:3      | Found an ancient bone altar of Kikubaaqudgha.
  3270 | D:4      | Reached skill level 1 in Conjurations
  3277 | D:4      | Noticed a centaur
  3285 | D:4      | Killed a centaur
  3285 | D:4      | Reached XP level 6. HP: 29/32 MP: 7/11
  3430 | D:4      | Noticed Edmund
  3447 | D:4      | Killed Edmund
  3455 | D:4      | Reached XP level 7. HP: 13/36 MP: 0/13
  3561 | D:4      | Reached * piety under Ashenzari
  4119 | D:4      | Found a glowing golden altar of the Shining One.
  4121 | D:4      | Noticed an angel
  4177 | D:4      | Found a basalt altar of Yredelemnul.
  4179 | D:4      | Noticed a profane servitor
  4301 | D:4      | Found a bloodstained altar of Trog.
  4303 | D:4      | Noticed a wizard
  4309 | D:4      | Killed a wizard
  4419 | D:4      | Found a sacrificial altar of Ru.
  4449 | D:5      | Entered Level 5 of the Dungeon
  4457 | D:5      | Reached skill level 5 in Spellcasting
  4586 | D:5      | Reached XP level 8. HP: 33/41 MP: 16/16
  4632 | D:5      | Found a staircase to the Ecumenical Temple.
  4651 | Temple   | Entered the Ecumenical Temple
  4974 | D:5      | Found a glowing drain.
  5022 | Sewer    | Entered a sewer
  5048 | Sewer    | Learned a level 5 spell: Lee's Rapid Deconstruction
  5053 | Sewer    | Learned a level 4 spell: Petrify
  5774 | D:5      | Noticed Eustachio
  5834 | D:5      | Killed Eustachio
  5834 | D:5      | Reached skill level 10 in Earth Magic
  6194 | D:6      | Found Buogeuqu's Jewellery Boutique.
  6197 | D:6      | Reached skill level 1 in Transmutations
  6259 | D:6      | Reached skill level 1 in Fighting
  6259 | D:6      | Reached XP level 9. HP: 41/47 MP: 4/18
  6617 | D:6      | Noticed Grinder
  6623 | D:6      | Killed Grinder
  6743 | D:6      | Reached skill level 2 in Fighting
  6743 | D:6      | Reached skill level 1 in Long Blades
  6880 | D:6      | Reached ** piety under Ashenzari
  6896 | D:6      | Found a shimmering blue altar of Sif Muna.
  7021 | D:6      | Noticed Pikel
  7030 | D:6      | Killed Pikel
  7213 | D:7      | Reached skill level 3 in Fighting
  8106 | D:7      | Reached XP level 10. HP: 56/56 MP: 14/21
  8433 | D:8      | Found Gunaokli's Assorted Antiques.
  8458 | D:8      | Found Qoobadgh's Food Shoppe.
  8541 | D:8      | Bought a scroll labeled QEKUSA RIEDD for 22 gold pieces
  8650 | D:8      | Found a staircase to the Lair.
  8839 | D:8      | Found Laes's Magic Scroll Shop.
  8845 | D:8      | Bought a scroll of remove curse for 45 gold pieces
  8845 | D:8      | Bought a scroll of identify for 30 gold pieces
  8845 | D:8      | Bought a scroll of fear for 52 gold pieces
  8845 | D:8      | Bought a scroll of remove curse for 45 gold pieces
  8845 | D:8      | Bought a scroll of identify for 30 gold pieces
  8845 | D:8      | Bought a scroll of magic mapping for 52 gold pieces
  8845 | D:8      | Bought 3 scrolls of identify for 90 gold pieces
  8852 | D:8      | Found Piovyl's Armour Emporium.
  9017 | D:8      | Found Seasiaf's Armour Shoppe.
  9044 | D:8      | Found a bloodstained altar of Trog.
  9092 | D:8      | Reached *** piety under Ashenzari
  9117 | D:8      | Found an ornate altar of the Wu Jian Council.
  9474 | D:9      | Found a burning altar of Makhleb.
  9481 | D:9      | Found a shadowy altar of Dithmenos.
  9481 | D:9      | Found a flagged portal.
  9502 | Bailey   | Entered a bailey
  9507 | Bailey   | Noticed a deep elf mage
  9512 | Bailey   | Killed a deep elf mage
  9512 | Bailey   | Reached skill level 4 in Fighting
  9512 | Bailey   | Reached skill level 5 in Dodging
  9576 | Bailey   | Noticed a deep elf mage
  9578 | Bailey   | Noticed a deep elf mage
  9581 | Bailey   | Killed a deep elf mage
  9581 | Bailey   | Noticed a deep elf mage
  9583 | Bailey   | Noticed a deep elf mage
  9584 | Bailey   | Killed a deep elf mage
  9587 | Bailey   | Noticed a deep elf mage
  9609 | Bailey   | Killed a deep elf mage
  9609 | Bailey   | Reached skill level 5 in Fighting
  9625 | Bailey   | Killed a deep elf mage
  9773 | Bailey   | Noticed a deep elf mage
  9778 | Bailey   | Killed a deep elf mage
  9779 | Bailey   | Killed a deep elf mage
  9779 | Bailey   | Reached XP level 11. HP: 64/64 MP: 4/23
  9898 | Bailey   | Noticed a deep elf archer
  9972 | Bailey   | Killed a deep elf archer
  9972 | Bailey   | Reached skill level 6 in Fighting
 10107 | Bailey   | Noticed a deep elf mage
 10107 | Bailey   | Noticed a deep elf mage
 10116 | Bailey   | Killed a deep elf mage
 10116 | Bailey   | Reached skill level 5 in Long Blades
 10117 | Bailey   | Killed a deep elf mage
 10348 | D:9      | Noticed a two-headed ogre
 10365 | D:9      | Killed a two-headed ogre
 10365 | D:9      | Reached skill level 1 in Armour
 10499 | D:9      | Found a shimmering altar of Xom.
 10627 | D:9      | Noticed a +0 dagger
 10627 | D:9      | Noticed a +0 dagger
 10628 | D:9      | Found a hide-covered altar of Uskayaw.
 10655 | D:9      | Found a shimmering altar of Xom.
 10658 | D:9      | Found a shimmering altar of Xom.
 10658 | D:9      | Found a shimmering altar of Xom.
 10659 | D:9      | Found a shimmering altar of Xom.
 10831 | D:9      | Found a shimmering altar of Xom.
 10833 | D:9      | Found a white marble altar of Elyvilon.
 10884 | D:9      | Found a shimmering altar of Xom.
 11013 | D:9      | Reached skill level 7 in Fighting
 11289 | D:9      | Noticed a lindwurm
 11497 | D:10     | Entered Level 10 of the Dungeon
 11503 | D:10     | Found a stormy altar of Qazlal.
 11519 | D:10     | Reached skill level 1 in Shields
 11805 | D:10     | Noticed Erolcha
 11811 | D:10     | Killed Erolcha
 12200 | D:10     | Found Ucuydaffe's Antique Weapon Boutique.
 12309 | D:10     | Found an opulent altar of Gozag.
 13312 | D:11     | Reached **** piety under Ashenzari
 13414 | D:11     | Noticed a five-headed hydra
 13422 | D:11     | Killed a five-headed hydra
 13422 | D:11     | Reached XP level 12. HP: 61/73 MP: 5/24
 13767 | D:11     | Found a runed translucent gate.
 13767 | D:11     | Found a runed translucent gate.
 13768 | D:11     | Found a runed translucent gate.
 13768 | D:11     | Noticed wub's ghost (journeyman HOFi)
 13768 | D:11     | Noticed an ettin
 13769 | D:11     | Found an opulent altar of Gozag.
 13769 | D:11     | Noticed a fire dragon
 13919 | D:11     | Noticed a two-headed ogre
 13924 | D:11     | Killed a two-headed ogre
 14132 | D:11     | Reached skill level 8 in Fighting
 14863 | Lair:1   | Entered Level 1 of the Lair of Beasts
 14914 | Lair:1   | Found a dark tunnel.
 14922 | Volcano  | Entered a volcano
 16389 | Volcano  | Reached skill level 1 in Evocations
 17068 | Lair:1   | Learned a level 3 spell: Mephitic Cloud
 17073 | Lair:1   | Learned a level 4 spell: Olgreb's Toxic Radiance
 17077 | Lair:1   | Learned a level 3 spell: Ignite Poison
 17115 | Lair:1   | Reached skill level 1 in Poison Magic
 17128 | Lair:1   | Reached skill level 1 in Fire Magic
 17782 | Lair:1   | Noticed Gastronok
 17814 | Lair:1   | Killed Gastronok
 17814 | Lair:1   | Reached XP level 13. HP: 79/79 MP: 0/26
 18334 | Lair:2   | Learned a level 4 spell: Summon Lightning Spire
 18461 | Lair:2   | Reached skill level 1 in Air Magic
 18523 | Lair:2   | Noticed Biesutadghu's ghost (journeyman GrWz)
 18524 | Lair:2   | Identified the ring of Uffage {Fire +Fly rN+++ Dex-2 SInv}
 18578 | Lair:2   | Found a runed translucent gate.
 18578 | Lair:2   | Found a runed translucent gate.
 18578 | Lair:2   | Found a runed translucent gate.
 18601 | Lair:2   | Reached skill level 1 in Summonings
 18808 | Lair:2   | Reached skill level 10 in Long Blades
 19679 | Lair:3   | Found a staircase to the Shoals.
 20021 | Lair:3   | Reached ***** piety under Ashenzari
 20646 | Lair:4   | Found a runed translucent door.
 20655 | Lair:4   | Found a shimmering altar of Xom.
 20655 | Lair:4   | Noticed Eguyt's ghost (journeyman VSTm)
 20656 | Lair:4   | Identified the ring of Oradgherph {rElec rF+ Int+3 Dex+4}
 21095 | Lair:4   | Killed Eguyt's ghost
 21231 | Lair:4   | Found a staircase to the Snake Pit.
 21408 | Lair:4   | Noticed Urug
 21428 | Lair:4   | Killed Urug
 22135 | Lair:5   | Identified Sif Muna's Guide on Malediction and Ignition
 22449 | Lair:5   | Gained mutation: Your large and strong wings let you fly
                  | indefinitely. [Gargoyle growth]
 22449 | Lair:5   | Reached XP level 14. HP: 84/84 MP: 4/27
 22668 | Lair:5   | Noticed Nessos
 22683 | Lair:5   | Killed Nessos
 23060 | Lair:6   | Entered Level 6 of the Lair of Beasts
 23073 | Lair:6   | Reached skill level 9 in Fighting
 24092 | Lair:6   | Reached skill level 10 in Spellcasting
 24901 | Lair:6   | Reached skill level 10 in Fighting
 24917 | Lair:6   | Found a staircase to the Slime Pits.
 25278 | D:10     | Bought a fine double sword for 660 gold pieces
 25278 | D:10     | Identified the +10 double sword of Quantum Leap {freeze,
                  | rElec Dex+4} (You bought it in a shop on level 10 of the
                  | Dungeon)
 25555 | D:12     | Learned a level 4 spell: Airstrike
 25835 | D:12     | Found a staircase to the Orcish Mines.
 25836 | D:12     | Found Dooplemo's Weapon Shoppe.
 26081 | D:12     | Reached ****** piety under Ashenzari
 26307 | Orc:1    | Entered Level 1 of the Orcish Mines
 26434 | Orc:1    | Found Ditaumue's Gadget Boutique.
 26507 | Orc:1    | Found a bloodstained altar of Trog.
 26803 | Orc:2    | Entered Level 2 of the Orcish Mines
 26803 | Orc:2    | Noticed an orc warlord
 26805 | Orc:2    | Reached skill level 5 in Armour
 26805 | Orc:2    | Reached XP level 15. HP: 93/93 MP: 21/29
 26809 | Orc:2    | Killed an orc warlord
 26947 | Orc:2    | Found a staircase to the Elven Halls.
 27520 | Orc:2    | Found Pehuutor's Armour Emporium.
 27520 | Orc:2    | Found Fownut's Jewellery Shop.
 27522 | Orc:2    | Found Naxkad's Antique Armour Shop.
 27522 | Orc:2    | Found Oleut's Magic Scroll Emporium.
 27854 | D:8      | Bought a +1 buckler of resistance for 474 gold pieces
 28571 | D:13     | Reached skill level 5 in Evocations
 28602 | D:13     | Reached skill level 11 in Fighting
 28614 | D:13     | Learned a level 2 spell: Song of Slaying
 29097 | D:14     | Noticed Agnes
 29114 | D:14     | Killed Agnes
 29738 | D:14     | Found a gate to the Vaults.
 30106 | D:15     | Entered Level 15 of the Dungeon
 30144 | D:15     | Found a gate leading to a gauntlet.
 30151 | Gauntlet | Entered a Gauntlet
 30151 | Gauntlet | Found a transporter.
 30156 | Gauntlet | Found a transporter.
 30158 | Gauntlet | Found a transporter.
 30178 | Gauntlet | Found a transporter.
 30179 | Gauntlet | Found a transporter.
 30182 | Gauntlet | Found a runed translucent door.
 30185 | Gauntlet | Found a runed translucent door.
 30186 | Gauntlet | Identified the +2 pair of boots of Vuffax {Dex+5 SInv}
 30188 | Gauntlet | Found a transporter.
 30205 | Gauntlet | Found a transporter.
 30214 | Gauntlet | Identified the ring "Otimp" {rPois rF- MR- Dex+9 Stlth-}
 30214 | Gauntlet | Found a runed translucent gate.
 30215 | Gauntlet | Found a transporter.
 30215 | Gauntlet | Found a runed translucent gate.
 30216 | Gauntlet | Found a runed translucent gate.
 30220 | Gauntlet | Found a transporter.
 30223 | Gauntlet | Found a transporter.
 30238 | Gauntlet | Identified the ring "Wuas" {rPois rF+ rN+}
 30262 | Gauntlet | Found a transporter.
 30266 | Gauntlet | Found a transporter.
 30268 | Gauntlet | Found a transporter.
 30280 | Gauntlet | Identified a +2 pair of boots of running
 30303 | Gauntlet | Found a transporter.
 30582 | Gauntlet | Identified the amulet of Haxef {RegenMP Stlth+}
 30646 | D:15     | Reached XP level 16. HP: 101/101 MP: 7/31
 31055 | D:15     | Found a staircase to the Depths.
 31074 | D:15     | Reached skill level 5 in Poison Magic
 31405 | D:15     | Found Waazah's Antique Armour Boutique.
 31580 | D:15     | Reached skill level 5 in Summonings
 31598 | D:15     | Reached skill level 12 in Fighting
 32128 | Snake:1  | Entered Level 1 of the Snake Pit
 32288 | Snake:1  | Noticed a nagaraja
 32301 | Snake:1  | Killed a nagaraja
 32492 | Snake:1  | Found Akhas's Food Shoppe.
 32587 | Snake:1  | Reached skill level 5 in Shields
 33118 | Snake:1  | Found Fedap's Gadget Shoppe.
 33118 | Snake:1  | Found Meest's Jewellery Boutique.
 33121 | Snake:1  | Found Vawexop's Jewellery Boutique.
 33150 | Snake:1  | Identified the +2 ice dragon scales of Fanaticism {rElec
                  | rF- rC++ Str-3 Int+10 SInv}
 34074 | Snake:2  | Identified Roxanne's Tome of Stones
 34074 | Snake:2  | Noticed Roxanne
 34079 | Snake:2  | Killed Roxanne
 34569 | Snake:3  | Reached skill level 13 in Fighting
 34643 | Snake:3  | Reached XP level 17. HP: 105/108 MP: 25/33
 34872 | Snake:4  | Entered Level 4 of the Snake Pit
 35939 | Snake:4  | Got a serpentine rune of Zot
 36743 | Shoals:1 | Entered Level 1 of the Shoals
 37128 | Shoals:1 | Reached skill level 10 in Armour
 37303 | Shoals:1 | Reached skill level 14 in Fighting
 38515 | Shoals:2 | Reached XP level 18. HP: 110/116 MP: 31/35
 39307 | Shoals:3 | Reached skill level 10 in Shields
 39568 | Shoals:3 | Noticed Mara
 39587 | Shoals:3 | Noticed Kohma's illusion
 39677 | Shoals:3 | Found a glowing silver altar of Zin.
 39749 | Shoals:3 | Identified the +4 scale mail of Afokoxzu {MR+ Str+4 Slay+3}
 40795 | Shoals:4 | Entered Level 4 of the Shoals
 41665 | Shoals:4 | Got a barnacled rune of Zot
 41783 | Shoals:4 | Reached skill level 15 in Fighting
 41814 | Shoals:4 | Learned a level 6 spell: Invisibility
 42170 | Shoals:4 | Reached skill level 1 in Hexes
 42225 | Shoals:4 | Identified the cursed ring of Dishonour {+Blink rC+ MR+
                  | Str-2 Stlth+}
 42750 | Orc:2    | Upgraded the game from 0.25-a0-591-g2ad0d861f1 to
                  | 0.25-a0-597-gb30770a0c0
 42754 | Elf:1    | Entered Level 1 of the Elven Halls
 43001 | Elf:1    | Found the +3 salamander hide armour {+Rage rF++}
 43277 | Elf:1    | Reached XP level 19. HP: 124/124 MP: 28/37
 43578 | Elf:1    | Found a portal to a secret trove of treasure.
 43695 | Orc:2    | Bought the +3 pair of gauntlets of War {Slay+5} for 1710
                  | gold pieces
 43695 | Orc:2    | Found the +3 pair of gauntlets of War {Slay+5}
 43871 | Elf:1    | Learned a level 4 spell: Cause Fear
 43958 | Elf:1    | Noticed Aizul
 43965 | Elf:1    | Killed Aizul
 44336 | Elf:2    | Found the -2 hat of the Alchemist {rElec rPois rF+ rC+ rN+
                  | MR+ rMut rCorr}
 44361 | Elf:2    | Noticed Jorgrun
 44371 | Elf:2    | Killed Jorgrun
 44420 | Elf:2    | Found a flickering gateway to a bazaar.
 44425 | Bazaar   | Entered a bazaar
 44429 | Bazaar   | Found Acaecs's Assorted Antiques.
 44447 | Bazaar   | Found Nugrast's Antique Armour Emporium.
 44465 | Bazaar   | Found Lourph's Book Boutique.
 44482 | Bazaar   | Found Tyoll's Book Shoppe.
 44521 | Bazaar   | Bought an ancient buckler for 171 gold pieces
 44521 | Bazaar   | Identified the +2 buckler "Eralol" {*Contam rCorr Slay+4
                  | SInv} (You bought it in a shop in a bazaar)
 44536 | Bazaar   | Bought a scroll of remove curse for 90 gold pieces
 44963 | Elf:2    | Found an ancient bone altar of Kikubaaqudgha.
 45116 | Elf:2    | Found a huge runed translucent gate.
 45116 | Elf:2    | Found a huge runed translucent gate.
 45116 | Elf:2    | Found a huge runed translucent gate.
 45116 | Elf:2    | Found a huge runed translucent gate.
 45116 | Elf:2    | Found a huge runed translucent gate.
 45634 | Elf:2    | Reached skill level 5 in Stealth
 45953 | Elf:3    | Entered Level 3 of the Elven Halls
 45970 | Elf:3    | Noticed a Tzitzimitl
 46005 | Elf:3    | Noticed a Hell Sentinel
 46020 | Elf:3    | Found a gateway to a bazaar.
 46089 | Bazaar   | Entered a bazaar
 46089 | Bazaar   | Found Nupurui's Antique Armour Emporium.
 46102 | Bazaar   | Found Oraunics's Weapon Shoppe.
 46118 | Bazaar   | Found Rodaijut's Armour Shop.
 46127 | Bazaar   | Found Sidgh's Book Shop.
 46270 | Elf:3    | Found an ancient bone altar of Kikubaaqudgha.
 46354 | Elf:3    | Noticed a Brimstone Fiend
 46648 | Elf:3    | Noticed a Hell Sentinel
 46648 | Elf:3    | Cast into level 2 of the Abyss (a deep elf demonologist)
 46810 | Abyss:3  | Found a corrupted altar of Lugonu.
 46818 | Abyss:3  | Noticed a bone dragon
 46842 | Abyss:3  | Killed a bone dragon
 47086 | Elf:3    | Escaped the Abyss
 47254 | Elf:3    | Reached skill level 16 in Fighting
 47349 | Elf:3    | Reached XP level 20. HP: 126/131 MP: 26/38
 47387 | Elf:3    | Identified the cursed +0 war axe "Wapok" {speed, SInv}
 47467 | Elf:3    | Identified the +10 short sword "Rotuefe" {flame, rPois}
 47505 | Elf:3    | Cast into level 2 of the Abyss (a deep elf demonologist)
 47701 | Abyss:2  | Found a hide-covered altar of Uskayaw.
 47732 | Elf:3    | Escaped the Abyss
 48025 | Elf:3    | Identified the +8 hand crossbow of Chagrin {flame, +Blink
                  | Str+4}
 48094 | Elf:3    | Identified the +1 hunting sling "Cuxe" {speed, Fragile +Inv
                  | SInv}
 48096 | Elf:3    | Found the +7 sceptre of Torment {pain, torment}
 48537 | Depths:1 | Entered Level 1 of the Depths
 48647 | Depths:1 | Reached skill level 15 in Spellcasting
 48955 | Depths:1 | Noticed a caustic shrike
 48957 | Depths:1 | Noticed a caustic shrike
 48958 | Depths:1 | Noticed a caustic shrike
 48959 | Depths:1 | Noticed a caustic shrike
 48975 | Depths:1 | Killed a caustic shrike
 49265 | D:15     | Killed a caustic shrike
 49335 | D:15     | Killed a caustic shrike
 49603 | Depths:1 | Killed a caustic shrike
 49747 | Depths:1 | Reached skill level 17 in Fighting
 49885 | Depths:1 | Learned a level 4 spell: Animate Dead
 49898 | Depths:1 | Reached skill level 10 in Stealth
 49987 | Depths:1 | Found a gateway to Hell.
 50084 | Depths:1 | Reached skill level 1 in Necromancy
 50388 | Depths:2 | Reached XP level 21. HP: 139/139 MP: 25/40
 50388 | Depths:2 | Paralysed by a great orb of eyes for 6 turns
 50660 | Depths:2 | Found a runed translucent gate.
 50660 | Depths:2 | Found a runed translucent gate.
 50660 | Depths:2 | Found an opulent altar of Gozag.
 50660 | Depths:2 | Found a runed translucent gate.
 50677 | Depths:2 | Noticed Etwoiz's ghost (veteran GnWz)
 50679 | Depths:2 | Noticed a golden dragon
 50700 | Depths:2 | Found Efiete's Assorted Antiques.
 50712 | Depths:2 | Killed a golden dragon
 50775 | Depths:2 | Killed Etwoiz's ghost
 51449 | D:8      | Bought the +6 lightning scales {run, rElec} for 1196 gold
                  | pieces
 51449 | D:8      | Found the +6 lightning scales {run, rElec}
 51675 | Elf:1    | You paid a toll of the lightning scales to enter a treasure
                  | trove
 51676 | Trove    | Entered a treasure trove
 51687 | Trove    | Identified the +7 falchion of Pestilence {speed, +Blink rN+
                  | MR++}
 51687 | Trove    | Identified the cursed +3 scimitar of Contradiction {vamp,
                  | rF- rN+ Str+3}
 51707 | Trove    | Reached XP level 22. HP: 145/145 MP: 41/41
 51722 | Trove    | Identified the amulet "Tuggas" {+Rage rElec rF- rC++ Int+8}
 51722 | Trove    | Identified the amulet "Jigown" {RegenMP Dex+4 Stlth+}
 52648 | Depths:2 | Reached skill level 15 in Armour
 52786 | Depths:2 | Paralysed by a great orb of eyes for 3 turns
 53171 | Depths:2 | Found the +5 robe of Night {Dark MR+ SInv}
 53470 | Depths:2 | Found the +2 cloak of the Thief {+Fog Slay-2 SInv Stlth+}
 53470 | Depths:2 | Found a shadowy altar of Dithmenos.
 54184 | Depths:3 | Identified the +7 war axe "Qapsusch" {freeze, rElec MP+9
                  | Int+3 Stlth+}
 54591 | Depths:3 | Reached skill level 18 in Fighting
 54793 | Depths:3 | Found the +10 Black Knight's horse barding {ponderous,
                  | rPois rN+}
 55126 | Depths:3 | Noticed Margery
 55133 | Depths:3 | Reached skill level 10 in Dodging
 55142 | Depths:3 | Killed Margery
 55481 | Depths:3 | Found a one-way gate leading to the halls of Pandemonium.
 55534 | Depths:3 | Noticed Saint Roka
 55553 | Depths:3 | Killed Saint Roka
 55553 | Depths:3 | Reached XP level 23. HP: 44/152 MP: 42/42
 56191 | Depths:3 | Found a bloodstained altar of Trog.
 56519 | Depths:3 | Noticed Mennas
 56527 | Depths:3 | Killed Mennas
 56611 | Depths:3 | Noticed the Enchantress
 56632 | Depths:3 | Killed the Enchantress
 57087 | Vaults:1 | Entered Level 1 of the Vaults
 58811 | Vaults:1 | Reached skill level 19 in Fighting
 58984 | Vaults:2 | Found a staircase to the Crypt.
 59066 | Vaults:2 | Noticed Asterion
 59085 | Vaults:2 | Killed Asterion
 59365 | Vaults:2 | Found a large runed translucent door.
 59365 | Vaults:2 | Found a large runed translucent door.
 59365 | Vaults:2 | Noticed 0ctopusDreams's ghost (veteran OpEE)
 59365 | Vaults:2 | Noticed Guthir's ghost (veteran GnFi)
 59434 | Vaults:2 | HP: 1/155 [0ctopusDreams's ghost/iron shot (49)]
 59436 | Vaults:2 | Killed from afar by 0ctopusDreams's ghost

Levels and vault maps discovered:
D:1:      lemuel_arrival_funnel, layout_basic, chequers_avenue,
          chequers_serial_rivers_room_a
D:2:      layout_loops_corners, lemuel_round_altar
D:3:      minmay_recursive_quarters, layout_rooms, kiku_gazebo_pond_becter,
          serial_corexii_hall, corexii_hall_statues_u, corexii_hall_statues_i
D:4:      layout_basic, grunt_temple_overflow_holy_war,
          nicolae_ru_path_of_blood, trog_wizard, uniq_edmund
D:5:      layout_cave_pools, temple_green, first_ration, gup_sewer_entry_pipe,
          uniq_eustachio
D:6:      layout_gridville, overflow_temple_1_default, serial_shops,
          nicolae_shop_crystal, uniq_grinder, uniq_pikel
D:7:      layout_loops_ring
D:8:      layout_basic, lemuel_crystal_altar, lemuel_doored_altar,
          lair_entry_dummy, serial_shops, shop, shop, nicolae_shop_behind_doors,
          nicolae_shop_crystal, shop
D:9:      layout_basic, dancing_weapons_uskayaw, nicolae_overflow_hidden_temple,
          enter_bailey_2, hangedman_little_slice_of_home, xom_shifter_show
D:10:     layout_stronghold, basic_altar, serial_shops, shop,
          grunt_gozag_breadcrumbs, uniq_erolcha
D:11:     layout_cave_pods, ebering_ghost_gozag, minivault_25_ag
D:12:     layout_long_grid, orc_david_3
D:13:     layout_roguey
D:14:     layout_basic, grunt_vaults_entry_tiered,
          chequers_serial_rivers_small_a, uniq_agnes
D:15:     gammafunk_enter_depths_forms, layout_irregular_city,
          gauntlet_entry_generic, serial_shops, shop, grunt_decor_one_mirror,
          argonaut_gorgonesque
Temple:   kb_temple_of_zot
Lair:1:   layout_roguey, nicolae_volcano_entry_s_turn, grunt_megastairs_3,
          uniq_gastronok
Lair:2:   layout_cave_pods, gammafunk_ghost_icy, infiniplex_staircase_pool_2,
          grunt_megastairs_2
Lair:3:   layout_misc_corridors, elwin_shoals_entry_stream,
          guppyfry_lair_drakes, serial_bayou_shore_b, serial_bayou_shore_b
Lair:4:   layout_regular_city, minmay_snake_entry_guardpost_medium,
          ebering_ghost_xom, serial_bayou_shore_a, uniq_urug
Lair:5:   layout_loops_ring, kennysheep_rathole, uniq_nessos
Lair:6:   grunt_lair_end_beastmaster, layout_cave_pods, dpeg_slime_entry_corner
Shoals:1: layout_shoals
Shoals:2: layout_shoals
Shoals:3: cheibrodos_shoals_baths, layout_shoals, wheals_shoals_ruined_temple,
          uniq_mara
Shoals:4: shoals_end_grunt_garden, layout_shoals,
          nicolae_shoals_dead_sea_scrolls
Snake:1:  nicolae_snake_hallway, layout_onion, serial_shops,
          nicolae_shop_crystal, minmay_shop_grove
Snake:2:  layout_rooms, serial_bayou_shore_b, lemuel_fruit_tree,
          serial_bayou_shore_b, uniq_roxanne
Snake:3:  layout_basic
Snake:4:  snake_pit, layout_basic, grunt_ministairs_7, serial_bayou_ford_a,
          nicolae_snake_round_shape_thing
Orc:1:    layout_caves, serial_shops, nicolae_shop_behind_doors,
          trog_hazing_becter
Orc:2:    grunt_orc_tribal_feast, layout_caves
Elf:1:    eino_elf_arrival_the_gate, layout_geoelf_octagon, enter_trove_6,
          hangedman_elven_crosses_minicolossus, drop_trap,
          hangedman_elf_simple_split, uniq_aizul
Elf:2:    layout_gridlike, serial_shops, bzr_entry_road, basic_altar,
          uniq_jorgrun
Elf:3:    grunt_elf_hall_diamonds, layout_geoelf_octagon, basic_altar,
          serial_shops, freezing_bzr, hex_medium
Vaults:1: dpeg_vaults_monster_row, v_rooms_5, v_pattern_3,
          nicolae_vaults_mini_display_case, v_misc_3,
          vaults_room_grunt_arrival_ludios, layout_vaults_quadrants
Vaults:2: advil_vaults_ghost_guards, v_misc_25,
          minmay_crypt_entry_simple_sparse, vaults_mumra_lcd,
          vaults_mumra_hexcomb, nicolae_vaults_specimen_jars,
          hangedman_vaults_cutoff, sword_in_stone,
          nicolae_vaults_little_squares_4, vaults_dpeg_cross,
          hangedman_vaults_corner, vaults_room_boxed, v_alt_pattern_6,
          v_alt_pattern_4, nicolae_vaults_alarming, vaults_mumra_chevron,
          vaults_dpeg_hooks, layout_vaults_maze, serial_shops, shop, uniq_boris
Depths:1: layout_cave_pools, hangedman_geh_valley,
          chequers_serial_rivers_large_a, st_stairs_1, nicolae_two_hexagons,
          nooodl_food_tri
Depths:2: regret_index_dithmenos_brocken_genspenst, layout_gridlike, hell_entry,
          ebering_ghost_gozag, nicolae_benzene_ring, serial_bayou_shore_b
Depths:3: spriggan_forest, pan_entry, hell_entry, uniq_saint_roka, uniq_mennas,
          uniq_margery

Skill      XL: |  1  2  3  4  5  6  7  8  9 10 11 12 13 14 15 16 17 18 19 20 21 22 23 |
---------------+----------------------------------------------------------------------+-----
Earth Magic    | 4 5 6 7 8 10 | 10.3
Spellcasting   | 3 4 5 6 7 8 9 10 11 12 13 14 15 | 15.0
Conjurations   | 1 2 3 |  3.1
Dodging        | 2 4 6 7 9 10 11 | 11.3
Transmutations | 1 |  1.8
Fighting       | 1 3 5 7 8 10 11 13 14 15 16 17 18 19 | 19.1
Long Blades    | 2 4 6 9 12 13 | 13.6
Armour         | 3 4 5 6 8 10 12 13 14 15 16 | 16.2
Shields        | 4 7 9 11 12 | 12.3
Evocations     | 3 4 5 |  5.5
Poison Magic   | 2 3 4 5 |  5.5
Fire Magic     | 1 |  1.4
Air Magic      | 2 3 |  3.9
Summonings     | 2 4 5 |  5.5
Hexes          | 2 3 |  3.8
Stealth        | 6 10 12 14 | 14.1
Necromancy     | 1 |  1.8
Charms         | |  0.8

Action                   |  1- 3 |  4- 6 |  7- 9 | 10-12 | 13-15 | 16-18 | 19-21 | 22-24 || total
-------------------------+-------+-------+-------+-------+-------+-------+-------+-------++-------
Melee: Unarmed           |    14 |       |       |       |       |       |       |       ||    14
       Whip              |    63 |   122 |   219 |       |       |       |       |       ||   404
       Dagger            |    15 |       |       |       |       |       |       |       ||    15
       Club              |     8 |       |       |       |       |       |       |       ||     8
       Long sword        |       |       |    27 |   159 |       |       |       |       ||   186
       Scimitar          |       |       |       |    59 |   465 |       |       |       ||   524
       Double sword      |       |       |       |       |   368 |  1006 |   653 |   810 ||  2837
Throw: Throwing net      |       |       |       |       |     1 |       |     2 |       ||     3
 Cast: Sandblast         |    13 |    33 |    65 |    54 |     3 |       |       |       ||   168
       Stone Arrow       |       |     4 |    66 |   195 |   154 |     9 |       |       ||   428
       Lee's Rapid Decon |       |       |     9 |    38 |    22 |    16 |     6 |     2 ||    93
       Petrify           |       |       |       |     2 |     1 |     1 |       |       ||     4
       Passwall          |       |       |       |     1 |       |       |     2 |       ||     3
       Summon Lightning  |       |       |       |       |    37 |    87 |    36 |    41 ||   201
       Ignite Poison     |       |       |       |       |    30 |    27 |    21 |    13 ||    91
       Olgreb's Toxic Ra |       |       |       |       |    24 |    22 |     9 |     6 ||    61
       Airstrike         |       |       |       |       |       |    41 |    38 |       ||    79
       Song of Slaying   |       |       |       |       |       |     2 |       |       ||     2
       Mephitic Cloud    |       |       |       |       |       |    18 |    21 |    10 ||    49
Invok: Curse Item        |       |     1 |     2 |     1 |     7 |       |     2 |       ||    13
 Abil: Fly               |       |       |       |       |     1 |     3 |       |     1 ||     5
       Stop Flying       |       |       |       |       |       |     3 |       |     2 ||     5
Evoke: Sack of spiders   |       |       |       |       |       |       |       |     1 ||     1
  Use: Scroll            |       |       |    14 |    13 |    12 |     5 |     6 |     2 ||    52
       Potion            |       |       |       |       |       |     6 |     5 |     1 ||    12
 Stab: Sleeping          |     1 |     4 |     5 |     1 |     3 |       |     1 |    14 ||    29
       Distracted        |       |       |       |       |     8 |    14 |     5 |    14 ||    41
       Petrified         |       |       |       |       |     7 |     2 |       |       ||     9
       Petrifying        |       |       |       |       |     1 |     1 |       |       ||     2
       Confused          |       |       |       |       |       |     1 |     4 |     2 ||     7
  Eat: Chunk             |     3 |     5 |    20 |    23 |    34 |    14 |    12 |    16 ||   127
       Ration            |       |       |       |     5 |     4 |     8 |     4 |     2 ||    23
Armor: Robe              |    46 |    56 |   137 |    70 |       |       |       |       ||   309
       Leather armour    |       |       |       |    18 |   130 |       |       |       ||   148
       Fire dragon scale |       |       |       |       |    47 |   372 |   234 |   195 ||   848
Dodge: Dodged            |    82 |    95 |   257 |   288 |   530 |   607 |   348 |   334 ||  2541
Block: Other             |       |       |       |    16 |       |       |       |       ||    16
       Buckler           |       |       |       |    76 |   424 |   689 |   372 |   411 ||  1972
       Reflection        |       |       |       |       |    17 |   106 |    36 |    22 ||   181
       Rpst.: Long sword |       |       |    20 |    57 |       |       |       |       ||    77
       Scimitar          |       |       |       |    11 |    80 |       |       |       ||    91
       Double sword      |       |       |       |       |    57 |   114 |    72 |    65 ||   308

Table legend:
 A = Non-vault XP
 B = Vault XP
 C = Vault XP percentage of total XP
 D = Non-vault monster count
 E = Vault monster count
 F = Vault count percentage of total count
                 A         B        C        D         E       F
            +---------+---------+-------+---------+---------+-------
      Total |  362454 |  340637 |  48.4 |    1037 |     634 |  37.9
            +---------+---------+-------+---------+---------+-------
        D:1 |      39 |       0 |   0.0 |      20 |       0 |   0.0
        D:2 |     112 |       0 |   0.0 |      27 |       0 |   0.0
        D:3 |      24 |      12 |  33.3 |       8 |       6 |  42.9
        D:4 |     529 |     173 |  24.6 |      19 |       1 |   5.0
        D:5 |     817 |     219 |  21.1 |      21 |      10 |  32.3
        D:6 |     908 |     918 |  50.3 |      19 |       2 |   9.5
        D:7 |     733 |       0 |   0.0 |      21 |       0 |   0.0
        D:8 |     458 |       0 |   0.0 |      11 |       0 |   0.0
        D:9 |    1972 |     164 |   7.7 |      25 |       8 |  24.2
       D:10 |    3239 |     990 |  23.4 |      24 |       1 |   4.0
       D:11 |    4227 |     281 |   6.2 |      26 |       4 |  13.3
       D:12 |    7311 |     281 |   3.7 |      53 |       6 |  10.2
       D:13 |    5672 |       0 |   0.0 |      26 |       0 |   0.0
       D:14 |    6867 |   10206 |  59.8 |      44 |      26 |  37.1
       D:15 |   21179 |    7134 |  25.2 |      33 |      15 |  31.2
     Lair:1 |    3799 |    2751 |  42.0 |      19 |       3 |  13.6
     Lair:2 |    2012 |     962 |  32.3 |      11 |       1 |   8.3
     Lair:3 |    5422 |    2180 |  28.7 |      18 |       7 |  28.0
     Lair:4 |    5051 |    3948 |  43.9 |      25 |      11 |  30.6
     Lair:5 |    5216 |    1448 |  21.7 |      21 |      15 |  41.7
     Lair:6 |    7584 |    8802 |  53.7 |      25 |      18 |  41.9
   Shoals:1 |   13989 |       0 |   0.0 |      33 |       0 |   0.0
   Shoals:2 |   16183 |       0 |   0.0 |      27 |       0 |   0.0
   Shoals:3 |   18013 |    2589 |  12.6 |      42 |       8 |  16.0
   Shoals:4 |   11582 |   16969 |  59.4 |      24 |      29 |  54.7
    Snake:1 |    5780 |    6934 |  54.5 |      13 |      16 |  55.2
    Snake:2 |   18544 |    1963 |   9.6 |      36 |       1 |   2.7
    Snake:3 |    8813 |       0 |   0.0 |      22 |       0 |   0.0
    Snake:4 |   12279 |   24463 |  66.6 |      26 |      43 |  62.3
      Orc:1 |    2971 |      12 |   0.4 |      37 |       6 |  14.0
      Orc:2 |    4329 |    7520 |  63.5 |      23 |      30 |  56.6
      Elf:1 |   14146 |   13426 |  48.7 |      24 |      20 |  45.5
      Elf:2 |   11505 |   26451 |  69.7 |      21 |      29 |  58.0
      Elf:3 |   15436 |   36550 |  70.3 |      26 |      30 |  53.6
   Vaults:1 |   20514 |   24547 |  54.5 |      34 |      42 |  55.3
   Vaults:2 |    3690 |   11253 |  75.3 |      10 |      12 |  54.5
   Depths:1 |   47669 |    3253 |   6.4 |      53 |       6 |  10.2
   Depths:2 |   39413 |   31368 |  44.3 |      52 |      34 |  39.5
   Depths:3 |    3163 |   79239 |  96.2 |      14 |     113 |  89.0
    Abyss:2 |    5348 |       0 |   0.0 |      14 |       0 |   0.0
    Abyss:3 |    5916 |       0 |   0.0 |      10 |       0 |   0.0
      Sewer |       0 |     266 | 100.0 |       0 |      48 | 100.0
     Bailey |       0 |    5817 | 100.0 |       0 |      10 | 100.0
    Volcano |       0 |    4263 | 100.0 |       0 |      15 | 100.0
   Gauntlet |       0 |    3285 | 100.0 |       0 |       8 | 100.0
            +---------+---------+-------+---------+---------+-------
